 Dungeon Crawl Stone Soup version 0.32-a0-913-g739538afd8 (webtiles) character file.

Game seed: 18304632483906949155

8006 GiantSquids the Severer (level 11, -5/82 HPs)
             Began as a Mountain Dwarf Fighter on Apr 7, 2024.
             Was a High Priest of Nemelex Xobeh.
             Slain by an efreet
             ... wielding a +3 scimitar of flaming
              (7 damage)
             ... on level 9 of the Dungeon.
             The game lasted 00:15:15 (7362 turns).

GiantSquids the Severer (Mountain Dwarf Fighter)    Turns: 7362, Time: 00:15:15

Health: -5/82      AC: 10    Str: 24    XL:     11   Next: 4%
Magic:  20/20      EV:  8    Int:  8    God:    Nemelex Xobeh [*****.]
Gold:   430        SH:  0    Dex:  9    Spells: 10/10 levels left

rFire   . . .        C - +4 battleaxe
rCold   . . .        (shield currently unavailable)
rNeg    . . .        b - +0 scale mail
rPois   .            h - +2 helmet
rElec   .            (no cloak)
rCorr   .            (no gloves)
SInv    .            (no boots)
Will    +....        v - amulet of regeneration Stlth
                     (no ring)
HPRegen 1.13/turn    (no ring)
MPRegen 0.17/turn

%: no passive effects
@: flayed
A: runic magic, artefact enchanting
a: Renounce Religion, Draw Escape, Draw Destruction, Draw Summoning, Triple
Draw, Deal Four, Stack Five


You were on level 9 of the Dungeon.
You worshipped Nemelex Xobeh.
Nemelex Xobeh was extremely pleased with you.
You visited 1 branch of the dungeon, and saw 9 of its levels.

You collected 480 gold pieces.
You spent 50 gold pieces at shops.

Inventory:

Hand Weapons
 C - a +4 battleaxe (weapon)
Missiles
 z - 3 javelins (quivered)
 D - 5 boomerangs
Armour
 b - a +0 scale mail (worn)
 h - a +2 helmet (worn)
Jewellery
 v - an amulet of regeneration (around neck)
 y - a +6 ring of intelligence
 E - an amulet of reflection
Wands
 A - a wand of paralysis (7)
 B - a wand of roots (21)
 I - a wand of flame (20)
Scrolls
 a - 2 scrolls of fog
 c - a scroll of fear {unknown}
 e - 7 scrolls of identify
 i - a scroll of enchant armour {unknown}
 k - a scroll of teleportation {unknown}
 m - a scroll of amnesia {unknown}
 o - 3 scrolls of torment
 q - a scroll of poison {unknown}
 r - a scroll of brand weapon {unknown}
 s - a scroll of enchant weapon {unknown}
 t - a scroll of silence {unknown}
 u - 3 scrolls of immolation
 w - 2 scrolls of vulnerability
 H - a scroll of acquirement {unknown}
Potions
 d - a potion of might
 f - a potion of cancellation {unknown}
 j - a potion of enlightenment
 l - 2 potions of ambrosia {unknown}
 n - 3 potions of lignification {unknown}
 p - 4 potions of curing {unknown}
 x - a potion of mutation {unknown}
 F - a potion of haste {unknown}
 J - a potion of resistance {unknown}
Miscellaneous
 g - a condenser vane
 G - a box of beasts


   Skills:
 - Level 3.2 Fighting
 * Level 16.4 Axes
 - Level 3.2 Armour
 - Level 3.2 Shields
 + Level 12.7 Invocations


You had 10 spell levels left.
You didn't know any spells.
Your spell library contained the following spells:

 Spells                   Type           Power      Damage    Failure   Level
 Cigotuvi's Dreadful Rot  Necr/Alch/Air  0%         N/A       63%         2
 Hailstorm                Conj/Ice       0%         3d5       85%         3
 Summon Ice Beast         Ice/Summ       0%         N/A       85%         3
 Tukima's Dance           Hex            0%         N/A       85%         3
 Dimensional Bullseye     Hex/Tloc       0%         N/A       99%         4
 Dispel Undead            Necr           0%         3d6       99%         4
 Iskenderun's Mystic Bla Conj/Tloc 0%             2d3        (+2d1     99%         4
 Martyr's Knell           Necr/Summ      0%         N/A       99%         4
 Summon Mana Viper        Hex/Summ       0%         N/A       100%        5
 Permafrost Eruption      Ice/Erth       0%         2x4d1     100%        6
 Sculpt Simulacrum        Ice/Alch       0%         N/A       100%        6
 Monstrous Menagerie      Summ           0%         N/A       100%        7


Dungeon Overview and Level Annotations

Branches:
Dungeon (9/15)             Temple (0/1) D:6
   Lair: D:8-11         Orc: D:9-12

Altars:
Nemelex Xobeh
Yredelemnul

Shops:
D:2 !   D:3 *   D:7 [

Annotations:
D:7 2 runed translucent doors


Innate Abilities, Weirdness & Mutations

Your spellcasting is much less encumbered by armour.
You can use scrolls of enchantment on lesser artefacts.


Message History

You draw a card...
You have drawn the Illusion.
Suddenly you stand beside yourself. The efreet closely misses you.
You hit the efreet.
The efreet is lightly wounded.
The efreet gestures at you.
The fireball explodes!
The fireball engulfs GiantSquids's illusion!
The fireball engulfs the efreet.
The efreet completely resists.
The efreet hits GiantSquids's illusion with a +3 scimitar of flaming!!
The efreet burns GiantSquids's illusion!
You barely miss the efreet.
The efreet is lightly wounded.
GiantSquids's illusion hits the efreet!
The flayed ghost cries, "Suffer as I suffered!"
Terrible wounds open up all over your body!
You slash the efreet!
The efreet is severely wounded.
GiantSquids's illusion hits the efreet but does no damage.
The efreet gestures at you.
The bolt of fire hits GiantSquids's illusion!
The bolt of fire hits the efreet.
The efreet completely resists.
The bolt of fire hits you!!
* * * LOW HITPOINT WARNING * * *
The efreet hits GiantSquids's illusion with a +3 scimitar of flaming!
The efreet burns GiantSquids's illusion.
You slash the efreet!
The efreet is severely wounded.
GiantSquids's illusion hits the efreet.
The efreet hits GiantSquids's illusion with a +1 scimitar of flaming!
The efreet burns GiantSquids's illusion.
GiantSquids's illusion dies!
GiantSquids's illusion shimmers and vanishes!
You hit the efreet.
The efreet is almost dead.
An unseen horror simulacrum comes into view.
The efreet hits you with a +3 scimitar of flaming!
* * * LOW HITPOINT WARNING * * *
The efreet burns you!
You die...
Your body glows with a rainbow of weird colours and disappears.

###.#......#
....#......##### ?....
....#..........###....
....#......#####)....
....#......# #...°
....#......# #..R
....#......# #..
....####...# #R###
.......#...# #@..###
.......#...#####.....###
.......###.....#.......#
.........#.....)W..⌠...#
#####....#...#+#.......#
# #....#...#.#.....### #
+....#...#.#...### #
#....#...#.#Z### #
+....#####.#


You could see a flayed ghost, 2 efreet and an unseen horror simulacrum
(wandering).

Vanquished Creatures
  2 two-headed ogres
  Pikel (D:6)
  A gargoyle (D:7)
  2 unseen horrors
  A kobold demonologist (D:9)
  2 trolls (D:9)
  A hornet (D:7)
  6 yaks (D:8)
  Menkaure (D:7)
  A vampire mosquito (D:7)
  4 water moccasins
  An ice beast (D:3)
  A sky beast (D:6)
  4 ogres
  2 centaurs (D:9)
  A phantom (D:5)
  3 scorpions
  2 bullfrogs (D:7)
  3 gnoll sergeants
  7 wights
  9 killer bees
  2 bombardier beetles (D:5)
  An orc priest (D:3)
  2 jellies (D:6)
  5 sleepcaps
  4 hounds
  5 iguanas
  Natasha (thrice) (D:4)
  5 orc wizards
  3 gnolls (D:8)
  9 adders
  A white imp (D:7)
  2 ufetubi (D:5)
  2 dart slugs (D:4)
  4 ribbon worms
  22 orcs
  7 endoplasms
  2 giant cockroaches (D:3)
  6 goblins
  6 hobgoblins
  4 jackals (D:2)
  4 quokkas
  5 ball pythons
  6 bats
  3 frilled lizards
  4 kobolds
  4 rats
176 creatures vanquished.

Vanquished Creatures (collateral kills)
  A lemure (D:6)
  A bullfrog (D:6)
  An orc wizard (D:6)
  4 gnolls (D:6)
  2 orcs (D:6)
9 creatures vanquished.

Grand Total: 185 creatures vanquished

Notes
Turn   | Place    | Note
-------+----------+-------------------------------------------
     0 | D:1      | GiantSquids the Mountain Dwarf Fighter began the quest for
                  | the Orb.
     0 | D:1      | Reached XP level 1. HP: 19/19 MP: 1/1
    10 | D:1      | Found a faded altar of an unknown god.
    41 | D:1      | Prayed at the altar of an unknown god.
    41 | D:1      | Became a worshipper of Nemelex Xobeh the Trickster
    41 | D:1      | Reached * piety under Nemelex Xobeh
    82 | D:1      | Reached skill level 3 in Axes
   135 | D:1      | Reached XP level 2. HP: 26/26 MP: 2/2
   239 | D:1      | Reached skill level 1 in Invocations
   364 | D:1      | Received a gift from Nemelex Xobeh
   776 | D:2      | Reached ** piety under Nemelex Xobeh
   816 | D:2      | Found Liwaesad's Distillery.
   824 | D:2      | Bought a potion of heal wounds for 50 gold pieces
   964 | D:2      | Received a gift from Nemelex Xobeh
   970 | D:2      | Reached XP level 3. HP: 31/31 MP: 4/4
  1399 | D:3      | Reached skill level 4 in Axes
  1523 | D:3      | Found Eplural's Assorted Antiques.
  1665 | D:3      | Reached *** piety under Nemelex Xobeh
  1674 | D:3      | Noticed an ice beast
  1696 | D:3      | Killed an ice beast
  1697 | D:3      | Reached skill level 5 in Axes
  1697 | D:3      | Reached XP level 4. HP: 22/38 MP: 4/6
  1697 | D:3      | Reached XP level 5. HP: 26/45 MP: 4/7
  2250 | D:3      | Reached skill level 6 in Axes
  2443 | D:4      | Reached XP level 6. HP: 47/51 MP: 9/9
  2457 | D:4      | Received a gift from Nemelex Xobeh
  2704 | D:4      | Noticed Natasha
  2711 | D:4      | Killed Natasha
  2868 | D:4      | Noticed Natasha
  2883 | D:4      | Killed Natasha
  2915 | D:4      | Noticed Natasha
  2921 | D:4      | Killed Natasha
  2922 | D:4      | Reached skill level 7 in Axes
  2980 | D:5      | Entered Level 5 of the Dungeon
  3008 | D:5      | Reached skill level 5 in Invocations
  3090 | D:5      | Reached XP level 7. HP: 55/57 MP: 10/10
  3187 | D:5      | Reached skill level 8 in Axes
  3251 | D:5      | Reached **** piety under Nemelex Xobeh
  3468 | D:5      | Reached skill level 9 in Axes
  3727 | D:5      | Reached XP level 8. HP: 37/63 MP: 11/13
  3734 | D:5      | HP: 2/63 [killer bee (2)]
  3883 | D:6      | Noticed Pikel
  3888 | D:6      | Killed Pikel
  3889 | D:6      | Reached skill level 10 in Axes
  3893 | D:6      | Reached skill level 11 in Axes
  3978 | D:6      | Reached XP level 9. HP: 48/70 MP: 15/15
  4151 | D:6      | Reached skill level 12 in Axes
  4621 | D:6      | Found a staircase to the Ecumenical Temple.
  4785 | D:7      | Found a large runed translucent door.
  4785 | D:7      | Found a large runed translucent door.
  4797 | D:7      | Found a large runed translucent door.
  4797 | D:7      | Found a large runed translucent door.
  4857 | D:7      | Killed an unseen horror
  4920 | D:7      | Reached skill level 13 in Axes
  4923 | D:7      | Reached skill level 10 in Invocations
  5058 | D:7      | Noticed Menkaure
  5096 | D:7      | Killed Menkaure
  5251 | D:7      | Noticed a gargoyle
  5253 | D:7      | Paralysed by a hornet for 1 turns
  5257 | D:7      | Reached skill level 14 in Axes
  5257 | D:7      | Reached XP level 10. HP: 47/77 MP: 18/18
  5261 | D:7      | Killed a gargoyle
  5614 | D:7      | Found Iloadack's Antique Armour Boutique.
  5682 | D:7      | Received a gift from Nemelex Xobeh
  6153 | D:8      | Reached skill level 15 in Axes
  6315 | D:8      | Received a gift from Nemelex Xobeh
  6315 | D:8      | Noticed a two-headed ogre
  6318 | D:8      | Killed a two-headed ogre
  6586 | D:8      | Found a basalt altar of Yredelemnul.
  6990 | D:9      | Received a gift from Nemelex Xobeh
  7180 | D:9      | Reached ***** piety under Nemelex Xobeh
  7273 | D:9      | Noticed a two-headed ogre
  7283 | D:9      | Killed a two-headed ogre
  7284 | D:9      | Reached skill level 16 in Axes
  7291 | D:9      | Reached XP level 11. HP: 18/82 MP: 20/20
  7356 | D:9      | Noticed a flayed ghost
  7362 | D:9      | HP: 2/82 [efreet/+3 scimitar of flaming (17)]
  7362 | D:9      | Slain by an efreet

Illustrated notes

Levels and vault maps discovered:
D:1:      mainiacjoe_arrival_oval_in_oval, layout_loops_cross,
          chequers_ecumenical_altar_simple
D:2:      layout_basic, serial_shops, shop, minmay_strange_pillars
D:3:      layout_basic, serial_shops, shop
D:4:      layout_gridville, uniq_natasha
D:5:      layout_basic, grunt_ministairs_1, minmay_crossroads
D:6:      layout_loops_ring, minmay_temple_entry_nine_rooms,
          kennysheep_generic_room_16, uniq_pikel
D:7:      layout_layer_cave, serial_shops, kennysheep_mini_moat,
          minmay_hollow_rounded_squares, uniq_menkaure
D:8:      layout_loops_corners, yredelemnul_altar_generic,
          kennysheep_generic_room_10
D:9:      layout_irregular_city, biasface_ghost_orc_armoury,
          serial_library_regret_index_split_case, nicolae_rejected_hall

Skill      XL: |  1  2  3  4  5  6  7  8  9 10 |
---------------+-------------------------------+-----
Axes           | 3 5 6 7 9 11 14 16 | 16.4
Invocations    | 1 3 4 5 6 8 10 12 | 12.7
Fighting       | |  3.2
Armour         | |  3.2
Shields        | |  3.2

Action                     |  1- 3 |  4- 6 |  7- 9 | 10-12 || total
---------------------------+-------+-------+-------+-------++-------
  Melee: War axe           |   125 |   152 |   104 |       ||   381
         Battleaxe         |       |       |   152 |   133 ||   285
  Throw: Javelin           |       |       |     3 |       ||     3
 Invoke: Draw Destruction  |       |     2 |     1 |     5 ||     8
         Draw Summoning    |       |       |     1 |     1 ||     2
    Use: Potion            |       |       |     4 |       ||     4
         Scroll            |       |       |     3 |     1 ||     4
 Armour: Scale mail        |    94 |   160 |   249 |   134 ||   637
  Dodge: Dodged            |    61 |    69 |   120 |    39 ||   289
  Block: Buckler           |    28 |    30 |    18 |       ||    76

Table legend: (Time is in decaauts)
 A = Elapsed time spent in this place.
 B = Non-inter-level travel time spent in this place.
 C = Inter-level travel time spent in this place.
 D = Time resting spent in this place.
 E = Time spent auto-exploring this place.
 F = Levels seen in this place.
 G = Mean time per level.
                   A        B        C        D        E       F      G
               +--------+--------+--------+--------+--------+-----+--------+
         Total |   7456 |   7178 |    278 |    366 |   5327 |   9 |  828.4 |
       Dungeon |   7456 |   7178 |    278 |    366 |   5327 |   9 |  828.4 |
               +--------+--------+--------+--------+--------+-----+--------+

Top non-repeatable levels by time:
     D:8: 1096 daAuts
     D:7: 1033 daAuts
     D:6: 940 daAuts
     D:3: 919 daAuts
     D:5: 907 daAuts
     D:2: 737 daAuts
     D:4: 714 daAuts
     D:1: 682 daAuts
     D:9: 424 daAuts
